TOP OF THE 1ST |
Chesapeake Continentals batting - Pitching for Mercer Island Screaming Eagles : RHP Jules Goux
|
Pitching: RHP Jules Goux
|
|
Batting: RHB Tony Calhoun
|
0-0: Called Strike 0-1: Foul Ball, location: 2F 0-2: Ball 1-2: Foul Ball, location: 2F 1-2: Ground out 4-3 (Groundball, 4)
|
Batting: RHB Phil Oostermeer
|
0-0: Foul Ball, location: 2F 0-1: Ball 1-1: Foul Ball, location: 2F 1-2: Ball 2-2: Fly out, F8 (Flyball, 78M)
|
Batting: RHB Santiago Valentín
|
0-0: Foul Ball, location: 2F 0-1: Ball 1-1: SINGLE (Flyball, 9LS)
|
Batting: RHB Gil Andersen
|
0-0: Ball 1-0: Ball 2-0: Ball 3-0: Base on Balls Santiago Valentín to second
|
Batting: LHB Raphaël Duval
|
0-0: Ball 1-0: Ball 2-0: Ball 3-0: Base on Balls Santiago Valentín to third Gil Andersen to second
|
Batting: RHB Nick Bechtel
|
0-0: Fly out, F8 (Flyball, 8LD)
|
Top of the 1st over - 0 runs, 1 hit, 0 errors, 3 left on base; Chesapeake 0 - Mercer Island 0 |
BOTTOM OF THE 1ST |
Mercer Island Screaming Eagles batting - Pitching for Chesapeake Continentals : RHP Alfred Osuch
|
Pitching: RHP Alfred Osuch
|
|
Batting: RHB Bart Goodine
|
0-0: Called Strike 0-1: Foul Ball, location: 2F 0-2: Ball 1-2: Foul Ball, location: 2F 1-2: SINGLE (Line Drive, 7LM)
|
Batting: RHB Juan Reyes
|
0-0: Called Strike 0-1: Ball 1-1: Grounds into double play, 6-4-3 (Groundball, 6)
|
Batting: RHB Dejmi Dumervil
|
0-0: Called Strike 0-1: Ball 1-1: Called Strike 1-2: Foul Ball, location: 2F 1-2: Foul Ball, location: 2F 1-2: Ball 2-2: Ball 3-2: Base on Balls
|
Batting: RHB Fortunato Rasquinha
|
0-0: Ball Dejmi Dumervil is caught stealing 2nd base
|
Bottom of the 1st over - 0 runs, 1 hit, 0 errors, 0 left on base; Chesapeake 0 - Mercer Island 0 |
TOP OF THE 2ND |
Chesapeake Continentals batting - Pitching for Mercer Island Screaming Eagles : RHP Jules Goux
|
Batting: SHB Bernie Nutall
|
0-0: Called Strike 0-1: Ground out 6-3 (Groundball, 56D)
|
Batting: RHB Mark Sawyer
|
0-0: Ball 1-0: Foul Ball, location: 2F 1-1: Foul Ball, location: 2F 1-2: Fly out, F5 (Line Drive, 5S)
|
Batting: RHB Shou-chien Luo
|
0-0: Called Strike 0-1: Foul Ball, location: 2F 0-2: Ball 1-2: Ball 2-2: Foul Ball, location: 2F 2-2: Ball 3-2: Foul Ball, location: 2F 3-2: Strikes out swinging
|
Top of the 2nd over - 0 runs, 0 hits, 0 errors, 0 left on base; Chesapeake 0 - Mercer Island 0 |
BOTTOM OF THE 2ND |
Mercer Island Screaming Eagles batting - Pitching for Chesapeake Continentals : RHP Alfred Osuch
|
Batting: RHB Fortunato Rasquinha
|
0-0: Ball 1-0: Called Strike 1-1: Ball 2-1: Ball 3-1: SINGLE (Line Drive, 56D)
|
Batting: RHB Ed Bowers
|
0-0: Foul Ball, location: 2F 0-1: Swinging Strike 0-2: Ball 1-2: Foul Ball, location: 2F 1-2: Grounds into double play, 5-4-3 (Groundball, 56)
|
Batting: SHB Jason Graham
|
0-0: Foul Ball, location: 2F 0-1: Ball 1-1: Fly out, F9 (Flyball, 89S)
|
Bottom of the 2nd over - 0 runs, 1 hit, 0 errors, 0 left on base; Chesapeake 0 - Mercer Island 0 |
TOP OF THE 3RD |
Chesapeake Continentals batting - Pitching for Mercer Island Screaming Eagles : RHP Jules Goux
|
Batting: RHB Tony Calhoun
|
0-0: Called Strike 0-1: Ball 1-1: Swinging Strike 1-2: Reached on error, E4 (Groundball, 4)
|
Batting: RHB Phil Oostermeer
|
0-0: Ball 1-0: Called Strike 1-1: Called Strike 1-2: Ball 2-2: Ball 3-2: Foul Ball, location: 2F 3-2: Fly out, F6 (Line Drive, 6)
|
Batting: RHB Santiago Valentín
|
0-0: Ball 1-0: Ball 2-0: Swinging Strike 2-1: Grounds into double play, 5-4-3 (Groundball, 56)
|
Top of the 3rd over - 0 runs, 0 hits, 1 error, 0 left on base; Chesapeake 0 - Mercer Island 0 |
BOTTOM OF THE 3RD |
Mercer Island Screaming Eagles batting - Pitching for Chesapeake Continentals : RHP Alfred Osuch
|
Batting: RHB Alfredo García
|
0-0: Ball 1-0: Called Strike 1-1: Called Strike 1-2: Fly out, F2 (Popup, 23F)
|
Batting: RHB Emílio Ramírez
|
0-0: Swinging Strike 0-1: Foul Ball, location: 2F 0-2: Ball 1-2: Foul Ball, location: 2F 1-2: Foul Ball, location: 2F 1-2: Ball 2-2: Foul Ball, location: 2F 2-2: Strikes out looking
|
Batting: SHB Serious Lee
|
0-0: SINGLE (Line Drive, 34D)
|
Batting: RHB Bart Goodine
|
0-0: Ball 1-0: Ball 2-0: Foul Ball, location: 2F 2-1: Called Strike 2-2: Ground out 4-3 (Groundball, 34)
|
Bottom of the 3rd over - 0 runs, 1 hit, 0 errors, 1 left on base; Chesapeake 0 - Mercer Island 0 |
TOP OF THE 4TH |
Chesapeake Continentals batting - Pitching for Mercer Island Screaming Eagles : RHP Jules Goux
|
Batting: RHB Gil Andersen
|
0-0: Fly out, F7 (Flyball, 78D)
|
Batting: LHB Raphaël Duval
|
0-0: Ball 1-0: Ball 2-0: Ball 3-0: Called Strike 3-1: Called Strike 3-2: Fly out, F6 (Popup, 6M)
|
Pitching: RHP Raimo Kangas
|
|
Batting: RHB Nick Bechtel
|
0-0: Ball 1-0: Ball 2-0: Foul Ball, location: 2F 2-1: Swinging Strike 2-2: Ball 3-2: Base on Balls
|
Batting: SHB Bernie Nutall
|
0-0: Ball 1-0: Ball 2-0: Fly out, F8 (Line Drive, 89D)
|
Top of the 4th over - 0 runs, 0 hits, 0 errors, 1 left on base; Chesapeake 0 - Mercer Island 0 |
BOTTOM OF THE 4TH |
Mercer Island Screaming Eagles batting - Pitching for Chesapeake Continentals : RHP Alfred Osuch
|
Batting: RHB Juan Reyes
|
0-0: SINGLE (Line Drive, 8LS)
|
Batting: RHB Dejmi Dumervil
|
0-0: Foul Ball, location: 2F 0-1: Ball 1-1: Ball 2-1: Foul Ball, location: 2F 2-2: Ball 3-2: Base on Balls Juan Reyes to second
|
Batting: RHB Fortunato Rasquinha
|
0-0: Fly out, F3 (Popup, 34S)
|
Batting: RHB Ed Bowers
|
0-0: Ball 1-0: Ball 2-0: Ball 3-0: Called Strike 3-1: Base on Balls Juan Reyes to third Dejmi Dumervil to second
|
Batting: SHB Jason Graham
|
0-0: Ball 1-0: Foul Ball, location: 2F 1-1: Called Strike 1-2: Fielders Choice at 2nd, 3-6 (Groundball, 3) Juan Reyes scores Dejmi Dumervil to third
|
Batting: RHB Alfredo García
|
0-0: Called Strike 0-1: Ball 1-1: Swinging Strike 1-2: Fielders Choice at 2nd, 6-4 (Groundball, 6)
|
Bottom of the 4th over - 1 run, 1 hit, 0 errors, 2 left on base; Chesapeake 0 - Mercer Island 1 |
TOP OF THE 5TH |
Chesapeake Continentals batting - Pitching for Mercer Island Screaming Eagles : RHP Raimo Kangas
|
Batting: RHB Mark Sawyer
|
0-0: Ball 1-0: Foul Ball, location: 2F 1-1: Swinging Strike 1-2: Foul Ball, location: 2F 1-2: Strikes out swinging
|
Batting: RHB Shou-chien Luo
|
0-0: Called Strike 0-1: Fly out, F8 (Flyball, 8RM)
|
Batting: RHB Tony Calhoun
|
0-0: Ball 1-0: Called Strike 1-1: Foul Ball, location: 2F 1-2: Ball 2-2: Foul Ball, location: 2F 2-2: Ball 3-2: Base on Balls
|
Batting: RHB Phil Oostermeer
|
0-0: Called Strike 0-1: Fly out, F8 (Flyball, 8RM)
|
Top of the 5th over - 0 runs, 0 hits, 0 errors, 1 left on base; Chesapeake 0 - Mercer Island 1 |
BOTTOM OF THE 5TH |
Mercer Island Screaming Eagles batting - Pitching for Chesapeake Continentals : RHP Alfred Osuch
|
Batting: RHB Emílio Ramírez
|
0-0: Called Strike 0-1: Ball 1-1: Ground out U3 (Groundball, 2R)
|
Batting: SHB Serious Lee
|
0-0: Called Strike 0-1: Swinging Strike 0-2: Strikes out swinging
|
Batting: RHB Bart Goodine
|
0-0: Called Strike 0-1: Swinging Strike 0-2: SINGLE (Line Drive, 3D)
|
Batting: RHB Juan Reyes
|
0-0: Fielders Choice at 2nd, 6-4 (Groundball, 6)
|
Bottom of the 5th over - 0 runs, 1 hit, 0 errors, 1 left on base; Chesapeake 0 - Mercer Island 1 |
TOP OF THE 6TH |
Chesapeake Continentals batting - Pitching for Mercer Island Screaming Eagles : RHP Raimo Kangas
|
Batting: RHB Santiago Valentín
|
0-0: Ball 1-0: Called Strike 1-1: Swinging Strike 1-2: Fly out, F8 (Flyball, 8RD)
|
Batting: RHB Gil Andersen
|
0-0: Called Strike 0-1: Swinging Strike 0-2: Ground out 5-3 (Groundball, 56S)
|
Batting: LHB Raphaël Duval
|
0-0: Ball 1-0: SOLO HOME RUN (Line Drive, 9LD), Distance : 369 ft
|
Batting: RHB Nick Bechtel
|
0-0: Swinging Strike 0-1: DOUBLE (Line Drive, 7LM)
|
Batting: SHB Bernie Nutall
|
0-0: Called Strike 0-1: Called Strike 0-2: Ball 1-2: Foul Ball, location: 2F 1-2: Strikes out swinging
|
Top of the 6th over - 1 run, 2 hits, 0 errors, 1 left on base; Chesapeake 1 - Mercer Island 1 |
BOTTOM OF THE 6TH |
Mercer Island Screaming Eagles batting - Pitching for Chesapeake Continentals : RHP Alfred Osuch
|
Batting: RHB Dejmi Dumervil
|
0-0: Hit by Pitch
|
Batting: RHB Fortunato Rasquinha
|
0-0: SINGLE (Flyball, 8LS) Dejmi Dumervil to second Runner from 2nd tries for 3rd, SAFE, no throw
|
Batting: RHB Ed Bowers
|
0-0: Ball 1-0: Ball 2-0: Called Strike 2-1: Foul Ball, location: 2F 2-2: Ball 3-2: Foul Ball, location: 2F 3-2: Foul Ball, location: 2F 3-2: Base on Balls Fortunato Rasquinha to second
|
Batting: SHB Jason Graham
|
0-0: Called Strike 0-1: Ball 1-1: Called Strike 1-2: Ball 2-2: Fly out, F8 (Line Drive, 8RM) Runner from 3rd tags up, OUT at HOME Fortunato Rasquinha to third Ed Bowers to second
|
Batting: RHB Alfredo García
|
0-0: Ball 1-0: Called Strike 1-1: Ball 2-1: Foul Ball, location: 2F 2-2: Fly out, F4 (Flyball, 4MD)
|
Bottom of the 6th over - 0 runs, 1 hit, 0 errors, 2 left on base; Chesapeake 1 - Mercer Island 1 |
TOP OF THE 7TH |
Chesapeake Continentals batting - Pitching for Mercer Island Screaming Eagles : RHP Raimo Kangas
|
Batting: RHB Mark Sawyer
|
0-0: Called Strike 0-1: Ball 1-1: Fly out, F9 (Flyball, 9)
|
Batting: RHB Shou-chien Luo
|
0-0: Ball 1-0: Called Strike 1-1: Called Strike 1-2: Ball 2-2: Strikes out swinging
|
Batting: RHB Tony Calhoun
|
0-0: Ball 1-0: Swinging Strike 1-1: DOUBLE (Flyball, 78D)
|
Batting: RHB Phil Oostermeer
|
0-0: Ground out U3 (Groundball, 3)
|
Top of the 7th over - 0 runs, 1 hit, 0 errors, 1 left on base; Chesapeake 1 - Mercer Island 1 |
BOTTOM OF THE 7TH |
Mercer Island Screaming Eagles batting - Pitching for Chesapeake Continentals : RHP Alfred Osuch
|
Batting: RHB Emílio Ramírez
|
0-0: Ball 1-0: Ball 2-0: Ball 3-0: Called Strike 3-1: Foul Ball, location: 2F 3-2: Fly out, F8 (Flyball, 8RD)
|
Pitching: RHP Mike Marsh
|
|
Batting: SHB Serious Lee
|
0-0: Ground out 4-3 (Groundball, 4M)
|
Batting: RHB Bart Goodine
|
0-0: Ball 1-0: Ball 2-0: Swinging Strike 2-1: Foul Ball, location: 2F 2-2: Foul Ball, location: 2F 2-2: Ball 3-2: Base on Balls
|
Batting: RHB Juan Reyes
|
0-0: Ball 1-0: Called Strike 1-1: Fielders Choice at 2nd, U6 (Groundball, 6M)
|
Bottom of the 7th over - 0 runs, 0 hits, 0 errors, 1 left on base; Chesapeake 1 - Mercer Island 1 |
TOP OF THE 8TH |
Chesapeake Continentals batting - Pitching for Mercer Island Screaming Eagles : RHP Raimo Kangas
|
Batting: RHB Santiago Valentín
|
0-0: Foul Ball, location: 2F 0-1: Ball 1-1: Ground out 4-3 (Groundball, 4)
|
Batting: RHB Gil Andersen
|
0-0: SINGLE (Groundball, 6MD)
|
Batting: LHB Raphaël Duval
|
0-0: Grounds into double play, 5-4-3 (Groundball, 56)
|
Top of the 8th over - 0 runs, 1 hit, 0 errors, 0 left on base; Chesapeake 1 - Mercer Island 1 |
BOTTOM OF THE 8TH |
Mercer Island Screaming Eagles batting - Pitching for Chesapeake Continentals : RHP Mike Marsh
|
Batting: RHB Dejmi Dumervil
|
0-0: Called Strike 0-1: Ball 1-1: Ball 2-1: Ground out 4-3 (Groundball, 4)
|
Batting: RHB Fortunato Rasquinha
|
0-0: Ball 1-0: Ball 2-0: Foul Ball, location: 2F 2-1: Foul Ball, location: 2F 2-2: Ball 3-2: Foul Ball, location: 2F 3-2: Foul Ball, location: 2F 3-2: Foul Ball, location: 2F 3-2: Base on Balls
|
Batting: RHB Ed Bowers
|
0-0: Called Strike 0-1: Ball 1-1: Called Strike 1-2: SINGLE (Groundball, 34S) (infield hit) Fortunato Rasquinha to second
|
Batting: SHB Jason Graham
|
0-0: Called Strike 0-1: Ball 1-1: Called Strike 1-2: Foul Ball, location: 2F 1-2: Foul Ball, location: 2F 1-2: Fielders Choice at 2nd, 3-6 (Groundball, 34) Fortunato Rasquinha to third
|
Batting: RHB Alfredo García
|
0-0: Ball 1-0: SINGLE (Groundball, 4MD) Fortunato Rasquinha scores Jason Graham to second Runner from 2nd tries for 3rd, SAFE, no throw
|
Batting: RHB Emílio Ramírez
|
0-0: Ball 1-0: Ball 2-0: Ball 3-0: Called Strike 3-1: Called Strike 3-2: Fly out, F4 (Flyball, 34D)
|
Bottom of the 8th over - 1 run, 2 hits, 0 errors, 2 left on base; Chesapeake 1 - Mercer Island 2 |
TOP OF THE 9TH |
Chesapeake Continentals batting - Pitching for Mercer Island Screaming Eagles : RHP Raimo Kangas
|
Batting: RHB Nick Bechtel
|
0-0: Ball 1-0: Ball 2-0: Ball 3-0: Base on Balls
|
Batting: SHB Bernie Nutall
|
0-0: Called Strike 0-1: Ball 1-1: Sac Bunt - play at first, batter OUT! 2-3 Nick Bechtel to second
|
Batting: RHB Mark Sawyer
|
0-0: Ball 1-0: Ball 2-0: Ball 3-0: Base on Balls
|
Pinch Runner at 2nd Carlos Stanford:
|
|
Batting: RHB Shou-chien Luo
|
0-0: Ball 1-0: Swinging Strike 1-1: Swinging Strike 1-2: Foul Ball, location: 2F 1-2: Ball 2-2: Ball 3-2: Strikes out looking
|
Pitching: LHP Mario López
|
|
Batting: RHB Tony Calhoun
|
0-0: Swinging Strike 0-1: Called Strike 0-2: Strikes out swinging
|
Top of the 9th over - 0 runs, 0 hits, 0 errors, 2 left on base; Chesapeake 1 - Mercer Island 2 |
|